 Dungeon Crawl Stone Soup version 0.27-a0-1006-g1fd4cec11e (webtiles) character file.

Game seed: 9593384377995841978

18 tardwrangler69 the Digger (level 2, -1/20 HPs)
             Began as a Draconian Earth Elementalist on Apr 17, 2021.
             Killed from afar by a dart slug (2 damage)
             ... with a slug dart
             ... on level 1 of the Dungeon.
             The game lasted 00:00:44 (695 turns).

tardwrangler69 the Digger (DrEE)                     Turns: 695, Time: 00:00:46

Health: -1/20      AC:  4    Str:  9 (10) XL:     2   Next: 48%
Magic:  0/5        EV: 11    Int: 14 (15) God:
Gold:   0          SH:  3    Dex: 10 (11) Spells: 4/5 levels left

rFire    . . .     SeeInvis .   (no weapon)
rCold    . . .     Faith    .   c - +0 buckler
rNeg     . . .     Spirit   .   (armour unavailable)
rPois    .         Reflect  .   (helmet restricted)
rElec    .         Harm     .   (no cloak)
rCorr    .         Rampage  .   (no gloves)
Will     .....                  (no boots)
Stlth    ++........             (no amulet)
HPRegen  0.06/turn              (no ring)
MPRegen  0.09/turn              (no ring)

@: no status effects
A: AC +4, unfitting armour, cold-blooded
a: no special abilities


You were on level 1 of the Dungeon.
You visited 1 branch of the dungeon, and saw 1 of its levels.

Inventory:

Missiles
 b - 18 stones
Armour
 c - a +0 buckler (worn)
Scrolls
 d - a scroll of amnesia {unknown}
 e - a scroll of blinking {unknown}
 f - a scroll of immolation {unknown}


   Skills:
 - Level 1.7 Dodging
 - Level 1.7 Stealth
 + Level 2.3 Spellcasting
 - Level 1.0 Transmutations
 * Level 3.6 Earth Magic


You had 4 spell levels left.
You knew the following spells:

 Your Spells              Type           Power      Damage    Failure   Level
a - Sandblast             Erth           22%        2d7       9%          1

Your spell library contained the following spells:

 Spells                   Type           Power      Damage    Failure   Level
 Passwall                 Tmut/Erth      6%         N/A       22%         2
 Stone Arrow              Conj/Erth      12%        3d7       50%         3
 Petrify                  Tmut/Erth      8%         N/A       83%         4
 Lee's Rapid Deconstruct  Erth           5%         3d7*      94%         5


Dungeon Overview and Level Annotations

Branches:
Dungeon (1/15)

Altars:


Innate Abilities, Weirdness & Mutations

Your plain brown scales are hard. (AC +4)
You cannot fit into any form of body armour.
You are cold-blooded and may be slowed by cold attacks.


Message History

Aiming: Sandblast (safe; 9% risk of failure)
Press: ? - help, Shift-Dir - straight line, f - rat
Aim: a rat (79% to hit)
The blast of sand hits the rat.
You kill the rat!
The jackal bites you.
* * * LOW HITPOINT WARNING * * *
Casting: Sandblast (safe; 9% risk of failure)
Confirm with . or Enter, or press ? or * to list all spells.
Aiming: Sandblast (safe; 9% risk of failure)
Press: ? - help, Shift-Dir - straight line, f - jackal
Aim: a jackal (74% to hit)
The blast of sand hits the jackal!
You kill the jackal!
Casting: Sandblast (safe; 9% risk of failure)
Confirm with . or Enter, or press ? or * to list all spells.
You don't have enough magic to cast this spell.
You closely miss the jackal.
The jackal bites you but does no damage. x2
You miss the jackal. The jackal closely misses you.
Okay, then.
It was a potion of degeneration.
There was something very wrong with that liquid.
You feel weakened.
You feel dopey.
You feel clumsy. The jackal bites you.
* * * LOW HITPOINT WARNING * * *
The jackal closely misses you.
You hit the jackal.
The jackal is heavily wounded.
The dart slug bites you but does no damage.
The jackal bites you but does no damage.
Casting: Sandblast (safe; 9% risk of failure)
Confirm with . or Enter, or press ? or * to list all spells.
You don't have enough magic to cast this spell.
You barely miss the jackal.
The jackal is heavily wounded.
The jackal barely misses you. The dart slug launches a dart at you.
The slug dart hits you.
You die...

##.# .. ... ...####
.##... #....# ### ....#
#.#^####.. #.#.#
#......... ...#.
.#.#.####.. ..+. .+.#.#
#.. #w#.# #.#...# #.)
#@#..#..#.### #..
#h##..(##.# #..
#..##'##..# ###
..##.##........########
.......................
..?...)................
.....8...............#.
....8.8..###...#####.#.
...8._.8.# #...# ##


You could see a dart slug and a jackal.

Vanquished Creatures
  A dart slug (D:1)
  2 ball pythons (D:1)
  An endoplasm (D:1)
  A giant cockroach (D:1)
  A goblin (D:1)
  A hobgoblin (D:1)
  3 jackals (D:1)
  A quokka (D:1)
  A bat (D:1)
  A kobold (D:1)
  A rat (D:1)
14 creatures vanquished.

Notes
Turn   | Place    | Note
-------+----------+-------------------------------------------
     0 | D:1      | tardwrangler69 the Draconian Earth Elementalist began the
                  | quest for the Orb.
     0 | D:1      | Reached XP level 1. HP: 14/14 MP: 3/3
   447 | D:1      | Reached XP level 2. HP: 11/20 MP: 1/5
   665 | D:1      | Found a faded altar of an unknown god.
   689 | D:1      | HP: 1/20 [jackal (3)]
   695 | D:1      | Killed from afar by a dart slug

Illustrated notes

Levels and vault maps discovered:
D:1:      dpeg_arrival_chambers_temple_mockup, layout_loops_cross,
          chequers_ecumenical_altar_simple_redux, serial_shops, shop_statue,
          minmay_box_of_dots

Action                   || total
-------------------------++-------
Melee: Unarmed           ||    32
       Tailslap          ||     3
 Cast: Sandblast         ||    14
  Use: Potion            ||     1
 Stab: Sleeping          ||     1
Armor: Skin              ||    17
Dodge: Dodged            ||    35
Block: Buckler           ||     5

Table legend: (Time is in decaauts)
 A = Elapsed time spent in this place.
 B = Non-inter-level travel time spent in this place.
 C = Inter-level travel time spent in this place.
 D = Time resting spent in this place.
 E = Time spent auto-exploring this place.
 F = Levels seen in this place.
 G = Mean time per level.
                   A        B        C        D        E       F      G
               +--------+--------+--------+--------+--------+-----+--------+
         Total |    697 |    683 |     14 |      0 |    589 |   1 |  697.0 |
       Dungeon |    697 |    683 |     14 |      0 |    589 |   1 |  697.0 |
               +--------+--------+--------+--------+--------+-----+--------+

Top non-repeatable levels by time:
     D:1: 697 daAuts
